 Dungeon Crawl Stone Soup version 0.27-a0-1188-g73eefd5def (webtiles) character file.

Game seed: 5126379508017666923

199 Hamester5 the Skirmisher (level 5, -15/51 HPs)
             Began as a Minotaur Monk on May 22, 2021.
             Killed by an exploding water moccasin skeleton (25 damage)
             ... ignited by their inner flame
             ... on level 4 of the Dungeon.
             The game lasted 00:12:43 (4183 turns).

Hamester5 the Skirmisher (Minotaur Monk)            Turns: 4183, Time: 00:12:44

Health: -15/51     AC:  3    Str: 17    XL:     5   Next: 48%
Magic:  0/4        EV: 12    Int:  7    God:
Gold:   163        SH:  0    Dex: 12    Spells: 4/4 levels left

rFire    . . .     SeeInvis .     - Unarmed
rCold    . . .     Faith    .   (no shield)
rNeg     . . .     Spirit   +   a - +0 robe
rPois    .         Reflect  .   (helmet restricted)
rElec    .         Harm     .   i - +0 cloak
rCorr    .         Rampage  .   (no gloves)
Will     .....                  (no boots)
Stlth    ++........             r - amulet of guardian spirit
HPRegen  0.17/turn              (no ring)
MPRegen  0.09/turn              (no ring)

@: no status effects
A: horns 2, retaliatory headbutt
a: no special abilities


You were on level 4 of the Dungeon.
You visited 1 branch of the dungeon, and saw 4 of its levels.

You collected 163 gold pieces.

Inventory:

Armour
 a - a +0 robe (worn)
 f - a +0 pair of boots
 i - a +0 cloak (worn)
Jewellery
 r - an amulet of guardian spirit (around neck)
 s - a ring of magical power
Scrolls
 b - a scroll of amnesia {unknown}
 c - 2 scrolls of enchant weapon {unknown}
 d - 4 scrolls of identify {unknown}
 e - a scroll of immolation
 g - a scroll of fog {unknown}
 o - a scroll of teleportation {unknown}
 p - a scroll of fear {unknown}
 q - a scroll of acquirement {unknown}
Potions
 h - a potion of curing
 j - a potion of flight {unknown}
 k - a potion of lignification {unknown}
 l - 3 potions of haste {unknown}
 m - a potion of magic {unknown}
 n - a potion of berserk rage {unknown}


   Skills:
 * Level 6.5 Fighting
 - Level 3.2 Dodging
 - Level 1.5 Stealth
 + Level 4.7 Unarmed Combat


You had 4 spell levels left.
You didn't know any spells.
Your spell library contained the following spells:

 Spells                   Type           Power      Damage    Failure   Level
 Animate Skeleton         Necr           0%         N/A       43%         1
 Pain                     Necr           0%         1d4       43%         1
 Vampiric Draining        Necr           0%         2d6       80%         3
 Animate Dead             Necr           0%         N/A       99%         4
 Agony                    Necr           0%         N/A       100%        5


Dungeon Overview and Level Annotations

Branches:
Dungeon (4/15)
 Temple: D:4-7

Altars:
Elyvilon

Shops:
D:2 (=


Innate Abilities, Weirdness & Mutations

You have a pair of horns on your head.
You reflexively headbutt those who attack you in melee.


Message History

The adder is almost dead.
You feel sick. The adder closely misses you.
You barely miss the adder. Your headbutt misses the adder.
The adder is almost dead.
The adder barely misses you.
You barely miss the adder. Your headbutt misses the adder.
The adder is almost dead.
You hear the rapid rusting of a drain very nearby.
You feel sick.
The water moccasin skeleton bites you but does no damage.
The adder bites you.
You are more poisoned.
The adder poisons you!
It was a potion of curing.
You feel better. The adder bites you.
The water moccasin skeleton bites you. x2; The adder bites you.
Unknown command.
Unknown command.
As you read the scroll labelled MECAKH YCUN, it crumbles to dust.
The creatures around you are filled with an inner flame!
It was a scroll of immolation.
The adder closely misses you. The water moccasin skeleton bites you.
You punch the adder!
The adder explodes!
The fiery explosion engulfs you! The water moccasin skeleton bites you.
* * * LOW HITPOINT WARNING * * *
You hit the water moccasin skeleton.
Flame seeps out of the water moccasin skeleton.
The water moccasin skeleton is lightly damaged.
The water moccasin skeleton is engulfed in blazing flames.
Flame seeps out of the water moccasin skeleton.
The water moccasin skeleton barely misses you.
You hit the water moccasin skeleton but do no damage.
The water moccasin skeleton is heavily damaged.
The water moccasin skeleton is engulfed in blazing flames.
Flame seeps out of the water moccasin skeleton.
The water moccasin skeleton misses you. You furiously retaliate!
You headbutt the water moccasin skeleton!
The water moccasin skeleton explodes!
The fiery explosion engulfs you!!
You die...

.........#...##...##.....##.#
.........#...##...####.####.#
.........#..........).......#
#'##.....#.................##
...#.....#.................#
...#.....#.................#
...'.....#.................#
####.....#....§§§§§........#
#.....#...##○@§§##......#
#.....# .. #§§§§##......#
#.....#....#.....#
#.....#....#.....#
#.....#....#.....#
####.....#...##....##
.........#...##....#
.........#......####
.........#......#


There were no monsters in sight!

Vanquished Creatures
  A water moccasin skeleton (D:4)
  A howler monkey (D:4)
  3 adders
  3 gnolls (D:4)
  2 adder skeletons (D:4)
  2 worms
  2 dart slugs
  2 orcs
  8 bats
  5 endoplasms
  3 giant cockroaches
  11 goblins
  13 hobgoblins
  6 jackals (D:2)
  4 quokkas
  8 ball pythons
  3 frilled lizards
  A kobold (D:2)
  9 rats
87 creatures vanquished.

Notes
Turn   | Place    | Note
-------+----------+-------------------------------------------
     0 | D:1      | Hamester5 the Minotaur Monk began the quest for the Orb.
     0 | D:1      | Reached XP level 1. HP: 19/19 MP: 0/0
    90 | D:1      | Reached skill level 4 in Fighting
   215 | D:1      | Reached XP level 2. HP: 5/27 MP: 1/1
  1544 | D:2      | Reached XP level 3. HP: 31/35 MP: 2/2
  1689 | D:2      | Found Kiew's Jewellery Boutique.
  1703 | D:2      | Reached skill level 5 in Fighting
  2283 | D:2      | Reached XP level 4. HP: 33/42 MP: 3/3
  2378 | D:2      | Found Liatualy's Weapon Emporium.
  3836 | D:4      | Reached skill level 6 in Fighting
  3840 | D:4      | Reached XP level 5. HP: 31/50 MP: 2/4
  3997 | D:4      | Found a white marble altar of Elyvilon.
  4183 | D:4      | Killed by an exploding water moccasin skeleton... ignited
                  | by their inner flame

Illustrated notes

Levels and vault maps discovered:
D:1:      dpeg_arrival_rooms_c, layout_basic, hangedman_decor_push,
          st_stairs_11, nrook_mini_backslash, amethyst_killhole, minmay_ruptured
D:2:      layout_basic, serial_shops, shop, nicolae_shop_crystal,
          kennysheep_cross_room
D:3:      layout_basic, kennysheep_big_empty_room
D:4:      layout_gridville, old_standard_altar, lightli_sewer_entry_pipes,
          st_stairs_2, corexii_item_surrounded_by_moat, grunt_decor_one_mirror

Skill      XL: |  1  2  3  4 |
---------------+-------------+-----
Fighting       | 4 5 6 |  6.5
Unarmed Combat | 4 |  4.7
Dodging        | |  3.2
Stealth        | |  1.5

Action                   |  1- 3 |  4- 6 || total
-------------------------+-------+-------++-------
Melee: Unarmed           |    98 |    75 ||   173
       Headbutt          |    11 |    18 ||    29
       Punch             |     1 |     2 ||     3
  Use: Scroll            |       |     1 ||     1
       Potion            |       |     1 ||     1
 Stab: Sleeping          |     4 |     1 ||     5
       Distracted        |       |     1 ||     1
Armor: Robe              |    16 |    13 ||    29
Dodge: Dodged            |    67 |    33 ||   100

Table legend: (Time is in decaauts)
 A = Elapsed time spent in this place.
 B = Non-inter-level travel time spent in this place.
 C = Inter-level travel time spent in this place.
 D = Time resting spent in this place.
 E = Time spent auto-exploring this place.
 F = Levels seen in this place.
 G = Mean time per level.
                   A        B        C        D        E       F      G
               +--------+--------+--------+--------+--------+-----+--------+
         Total |   4170 |   4164 |      6 |   1115 |   1818 |   4 | 1042.5 |
       Dungeon |   4170 |   4164 |      6 |   1115 |   1818 |   4 | 1042.5 |
               +--------+--------+--------+--------+--------+-----+--------+

Top non-repeatable levels by time:
     D:1: 1524 daAuts
     D:2: 1055 daAuts
     D:3: 850 daAuts
     D:4: 740 daAuts
